 Dungeon Crawl Stone Soup version 0.25.0-11-g1f837a76a1 (webtiles) character file.

Game seed: 3806783665097576174

9958 Krehm the Carver (level 11, -2/93 HPs)
             Began as a Barachi Ice Elementalist on June 24, 2020.
             Was an Elder of Cheibriados.
             Slain by a yak (3 damage)
             ... on level 8 of the Dungeon.
             The game lasted 01:31:05 (13032 turns).

Krehm the Carver (Barachi Ice Elementalist)        Turns: 13032, Time: 01:31:06

Health: -2/93      AC: 20    Str: 22    XL:     11   Next: 54%
Magic:  18/18      EV: 12    Int: 25    God:    Cheibriados [****..]
Gold:   531        SH:  0    Dex: 23    Spells: 13/20 levels left

rFire    . . .     SeeInvis .   t - +2 falchion (protect)
rCold    . . .     Gourm    .   (no shield)
rNeg     . . .     Faith    .   u - +3 ring mail
rPois    .         Spirit   .   (helmet restricted)
rElec    .         Reflect  .   d - +0 cloak
rCorr    .         Harm     .   (no gloves)
MR       .....                  B - +1 pair of boots
Stlth    +++.......             h - amulet of regeneration
HPRegen  0.65/turn              j - ring of stealth
MPRegen  0.16/turn              (no ring)

@: lethally poisoned (-2 -> -17), protection aura, very slow
A: +LOS, swims, horns 1, agile 1, screaming 1, slowness 1, strong legs 1
a: Hop, Bend Time, Temporal Distortion, Slouch, Renounce Religion


You were on level 8 of the Dungeon.
You worshipped Cheibriados.
Cheibriados was greatly pleased with you.
You were not hungry.

You visited 3 branches of the dungeon, and saw 12 of its levels.
You also visited: Sewer.

You collected 531 gold pieces.

Inventory:

Hand Weapons
 g - a +1 falchion of holy wrath
 t - a +2 falchion of protection (weapon)
 E - a +3 scimitar
Missiles
 a - 9 poisoned darts (quivered)
Armour
 d - a +0 cloak (worn)
 e - +0 acid dragon scales
 q - a +0 tower shield
 u - a +3 ring mail (worn)
 B - a +1 pair of boots (worn)
Jewellery
 h - an amulet of regeneration (around neck)
 j - a ring of stealth (left hand)
Wands
 b - a wand of flame (2)
 l - a wand of clouds (2)
 w - a wand of iceblast (23)
Scrolls
 k - a scroll of fog
 n - a scroll of blinking {unknown}
 r - 7 scrolls of teleportation
 y - 2 scrolls of amnesia
 z - a scroll of immolation
 D - a scroll of acquirement {unknown}
Potions
 i - 5 potions of flight
 m - 2 potions of might {unknown}
 o - a potion of mutation
 v - 2 potions of ambrosia {unknown}
 A - a potion of degeneration {unknown}
 C - 2 potions of stabbing
 F - a potion of berserk rage {unknown}
Comestibles
 c - 7 rations


   Skills:
 + Level 11.0 Fighting
 - Level 14.0 Long Blades
 - Level 7.0 Armour
 - Level 2.1 Dodging
 - Level 2.0 Stealth
 - Level 5.0 Spellcasting
 - Level 6.0 Ice Magic
 + Level 3.9 Poison Magic


You had 13 spell levels left.
You knew the following spells:

 Your Spells              Type           Power        Failure   Level  Hunger
a - Freeze                Ice            ####         1%          1    None
b - Frozen Ramparts       Ice            #####.       3%          3    ##.....
c - Mephitic Cloud        Conj/Pois/Air  ##......     22%         3    ##.....

Your spell library contained the following spells:

 Spells                   Type           Power        Failure   Level  Hunger
 Ozocubu's Armour         Chrm/Ice       ###.....     11%         3    ##.....
 Corona                   Hex            #......      12%         1    None
 Magic Dart               Conj           #...         12%         1    None
 Blink                    Tloc           N/A          19%         2    None
 Call Imp                 Summ           #.......     19%         2    None
 Slow                     Hex            #.......     19%         2    None
 Hailstorm                Conj/Ice       ###.....     34%         4    ####...
 Summon Ice Beast         Ice/Summ       ###.....     34%         4    ####...
 Conjure Flame            Conj/Fire      #.......     36%         3    ##.....
 Inner Flame              Hex/Fire       #.......     36%         3    ##.....
 Portal Projectile        Hex/Tloc       #.....       36%         3    ##.....
 Cause Fear               Hex            #.........   77%         4    ####...
 Leda's Liquefaction      Hex/Erth       #.........   77%         4    ####...


Dungeon Overview and Level Annotations

Branches:
Dungeon (10/15)            Temple (1/1) D:7            Lair (1/6) D:8
    Orc (0/2) D:9           Sewer (visited)

Altars:
Ashenzari
Cheibriados
Dithmenos
Elyvilon
Fedhas
Gozag
Hepliaklqana
Kikubaaqudgha
Makhleb
Nemelex Xobeh
Okawaru
Qazlal
Ru
Sif Muna
Trog
Uskayaw
Vehumet
Wu Jian
Xom
Yredelemnul
Zin
The Shining One

Shops:
D:10 }

Annotations:
D:9 1 runed translucent door, exclusion: door, DunjonMajik's ghost, journeyman FoFi


Innate Abilities, Weirdness & Mutations

You can be seen from farther away. (+LOS)
You can swim through water.
You cover ground slowly.
You can hop short distances.
You have a pair of small horns on your head.
You are agile. (Dex +2)
You occasionally shout uncontrollably at your foes.


Message History

The yak gores you!
Throwing (i - inventory)
a - 10 poisoned darts (quivered)
Press: ? - help, Shift-Dir - straight line, f/p - spiny frog
Aim: a spiny frog You throw a poisoned dart.
The poisoned dart hits the spiny frog.
You feel sick. The spiny frog stings you!
* * * LOW HITPOINT WARNING * * *
You are more poisoned.
The spiny frog poisons you! The yak barely misses you.
You riposte.
You slash the yak!
Your weapon exudes an aura of protection.
You headbutt the yak!
The yak is heavily wounded.
Evoke which item? (* to show all) (? for menu, Esc to quit)
Aiming: Iceblast
Press: ? - help, Shift-Dir - straight line, p - spiny frog The mass of ice explodes!
You feel sick. The spiny frog stings you!!
* * * LOW HITPOINT WARNING * * *
The yak gores you.
You die...

#........###################
#...........≈...............
#....≈...≈.≈.......≈....####
#.....≈..≈≈≈≈≈≈..≈≈.....##
#.....≈≈≈≈≈≈≈≈≈≈≈≈≈≈≈....###
#...≈..≈≈≈≈.≈≈≈≈≈≈≈≈≈≈...... ####
#.....≈≈≈..≈...≈≈≈≈......... ...#
#..≈≈≈.≈≈≈Y..≈..≈≈≈≈≈.......
...###....≈≈≈≈.†@...............>
...#....≈≈.≈≈≈≈..F...≈≈≈≈≈≈......
.....#....≈≈≈≈.≈..≈≈.≈≈≈≈≈≈......
.........≈≈≈≈≈≈≈≈≈≈≈≈≈≈≈≈≈.......
...###...≈≈≈≈.≈≈≈≈≈≈≈≈.≈≈≈.......
...# #...≈...≈≈≈≈≈≈≈≈≈..≈≈≈......
...# ##.≈..≈.≈≈≈≈≈≈≈.............
...# #......≈≈≈≈≈≈≈..............
#### #.#.#....##.......#(........


You could see a yak and a spiny frog.

Vanquished Creatures
  A manticore (D:9)
  A black mamba (Lair:1)
  A spiny frog (Lair:1)
  Maggie (D:6)
  2 trolls
  Grinder (D:3)
  A spriggan (D:9)
  A yak (D:8)
  5 hungry ghosts
  A water moccasin (Lair:1)
  An orc warrior (D:8)
  3 porcupines (Lair:1)
  Duvessa (D:7)
  2 ice beasts (D:6)
  3 phantoms
  4 sky beasts
  A hornet zombie (D:8)
  A necrophage (D:9)
  8 ogres
  An eye of draining (D:8)
  A black bear (D:9)
  A wolf (D:8)
  3 centaurs
  4 big kobolds
  A gnoll sergeant (D:9)
  4 bullfrogs
  A wyvern zombie (D:9)
  A wyvern skeleton (D:6)
  10 scorpions
  Dowan (D:7)
  A troll zombie (D:9)
  19 killer bees
  2 howler monkeys
  5 wights (D:9)
  2 electric eels (D:8)
  3 bullfrog zombies
  A centaur zombie (D:7)
  4 crimson imps
  2 quasits
  A jelly (D:2)
  8 hounds
  4 centaur skeletons
  7 orc priests
  7 orc wizards
  Crazy Yiuf (D:7)
  3 iron imps (D:8)
  Ijyb (D:2)
  8 worker ants
  2 killer bee zombies
  7 ogre zombies (D:9)
  A hound zombie (D:5)
  A hound skeleton (D:8)
  Robin (D:2)
  3 gnolls (D:9)
  A howler monkey skeleton (D:4)
  12 adders
  2 adder zombies
  6 worms
  4 dart slugs (D:1)
  4 leopard geckos
  39 orcs
  6 giant cockroaches
  12 goblins
  11 hobgoblins
  8 jackals
  A quokka (D:7)
  3 bats
  6 frilled lizards
  A goblin skeleton (D:9)
  5 goblin zombies (D:9)
  3 hobgoblin skeletons (D:9)
  2 hobgoblin zombies (D:9)
  2 jackal skeletons (D:5)
  29 kobolds
  A leopard gecko skeleton (D:4)
  A leopard gecko zombie (D:5)
  4 orc skeletons (D:9)
  9 orc zombies (D:9)
  2 quokka skeletons (D:5)
  2 quokka zombies (D:5)
  13 rats
350 creatures vanquished.

Vanquished Creatures (others)
  A goblin zombie (D:9)
1 creature vanquished.

Grand Total: 351 creatures vanquished

Notes
Turn   | Place    | Note
-------+----------+-------------------------------------------
     0 | D:1      | Krehm the Barachi Ice Elementalist began the quest for the
                  | Orb.
     0 | D:1      | Reached XP level 1. HP: 13/13 MP: 3/3
   255 | D:1      | Reached skill level 1 in Fighting
   255 | D:1      | Reached skill level 5 in Ice Magic
   255 | D:1      | Reached XP level 2. HP: 15/21 MP: 1/5
   835 | D:1      | Reached XP level 3. HP: 24/27 MP: 2/7
   887 | D:1      | Learned a level 3 spell: Frozen Ramparts
  1721 | D:2      | Reached XP level 4. HP: 34/34 MP: 3/8
  1871 | D:2      | Noticed Robin
  1879 | D:2      | Killed Robin
  2297 | D:2      | Reached XP level 5. HP: 41/41 MP: 6/10
  2474 | D:3      | Noticed Ijyb
  2495 | D:2      | Killed Ijyb
  2889 | D:3      | Noticed Grinder
  2919 | D:3      | Paralysed by Grinder for 6 turns
  2925 | D:3      | Gained mutation: You are agile. (Dex +2) [potion of
                  | mutation]
  2925 | D:3      | Gained mutation: You occasionally shout uncontrollably at
                  | your foes. [potion of mutation]
  2925 | D:3      | Gained mutation: You have a pair of small horns on your
                  | head. [potion of mutation]
  2931 | D:3      | Paralysed by Grinder for 7 turns
  2963 | D:3      | Killed Grinder
  2963 | D:3      | Reached skill level 2 in Long Blades
  2963 | D:3      | Reached XP level 6. HP: 13/48 MP: 10/12
  3749 | D:4      | Reached XP level 7. HP: 48/55 MP: 11/13
  3806 | D:4      | Found an iron altar of Okawaru.
  3827 | D:4      | Reached skill level 3 in Long Blades
  3923 | D:4      | Found a glowing drain.
  3934 | Sewer    | Entered a sewer
  4074 | Sewer    | Found a white marble altar of Elyvilon.
  4253 | D:4      | Reached skill level 4 in Long Blades
  4390 | D:4      | Reached skill level 5 in Fighting
  4390 | D:4      | Reached skill level 5 in Spellcasting
  4590 | D:4      | Found a sacrificial altar of Ru.
  4590 | D:4      | Found an ornate altar of the Wu Jian Council.
  4693 | D:4      | Reached skill level 5 in Long Blades
  5111 | D:5      | Entered Level 5 of the Dungeon
  5749 | D:5      | Reached XP level 8. HP: 63/63 MP: 12/15
  5839 | D:5      | Reached skill level 6 in Long Blades
  6049 | D:5      | Reached skill level 7 in Long Blades
  6291 | D:5      | Reached skill level 8 in Long Blades
  7333 | D:6      | Reached XP level 9. HP: 72/72 MP: 16/16
  7449 | D:6      | Reached skill level 9 in Long Blades
  7910 | D:6      | Reached skill level 10 in Long Blades
  7915 | D:6      | Reached skill level 1 in Armour
  8352 | D:7      | Noticed Maggie
  8357 | D:7      | Noticed Duvessa
  8371 | D:6      | Killed Maggie
  8621 | D:7      | Reached skill level 11 in Long Blades
  8736 | D:7      | Reached XP level 10. HP: 82/83 MP: 12/17
  8826 | D:7      | Noticed Dowan
  8838 | D:7      | Killed Dowan
  8913 | D:7      | Found a glowing silver altar of Zin.
  8914 | D:7      | Noticed an angel
  8992 | D:7      | Killed Duvessa
  9378 | D:7      | Found a runed translucent door.
  9379 | D:7      | Noticed Crazy Yiuf
  9480 | D:7      | Found a staircase to the Ecumenical Temple.
  9486 | Temple   | Entered the Ecumenical Temple
  9577 | Temple   | Became a worshipper of Cheibriados the Contemplative
  9696 | D:7      | Killed Crazy Yiuf
 10073 | D:8      | Reached skill level 12 in Long Blades
 10073 | D:8      | Reached skill level 5 in Armour
 10344 | D:8      | Reached skill level 10 in Fighting
 10417 | D:8      | Reached * piety under Cheibriados
 10548 | D:8      | Found a staircase to the Lair.
 10652 | D:8      | Found a burning altar of Makhleb.
 10895 | D:9      | Learned a level 3 spell: Mephitic Cloud
 11037 | D:9      | Reached ** piety under Cheibriados
 11076 | D:9      | Reached skill level 1 in Poison Magic
 11108 | D:9      | Reached skill level 13 in Long Blades
 11149 | D:9      | Found a staircase to the Orcish Mines.
 11151 | D:9      | Found a runed translucent door.
 11151 | D:9      | Found a shimmering altar of Xom.
 11151 | D:9      | Noticed DunjonMajik's ghost (journeyman FoFi)
 11151 | D:9      | Noticed a +1 dire flail of chaos
 11170 | D:9      | Reached XP level 11. HP: 92/92 MP: 18/18
 11462 | D:9      | Reached *** piety under Cheibriados
 11632 | D:9      | Noticed a manticore
 11638 | D:9      | Killed a manticore
 11710 | D:9      | Found an ancient bone altar of Kikubaaqudgha.
 11836 | D:9      | Found a sparkling altar of Nemelex Xobeh.
 11841 | D:9      | Found a stormy altar of Qazlal.
 11841 | D:9      | Found a hazy altar of Hepliaklqana.
 11841 | D:9      | Found a blossoming altar of Fedhas.
 11841 | D:9      | Found a shattered altar of Ashenzari.
 11843 | D:9      | Found a basalt altar of Yredelemnul.
 11844 | D:9      | Found a radiant altar of Vehumet.
 12209 | D:10     | Entered Level 10 of the Dungeon
 12213 | D:10     | Found Zecemeigu's Gadget Emporium.
 12277 | D:10     | Reached **** piety under Cheibriados
 12917 | Lair:1   | Entered Level 1 of the Lair of Beasts
 13025 | D:8      | Reached skill level 14 in Long Blades
 13032 | D:8      | HP: 1/93 [spiny frog (18)]
 13032 | D:8      | Slain by a yak

Illustrated notes

Levels and vault maps discovered:
D:1:      lightli_arrival_isolated_outpost, layout_loops_ring
D:2:      layout_rooms, first_ration, uniq_robin
D:3:      layout_basic, uniq_ijyb, uniq_grinder
D:4:      layout_basic, kennysheep_mini_moat,
          gammafunk_temple_overflow_elements, gup_sewer_entry_bubbles
D:5:      layout_basic, serial_undead, serial_undead_e, serial_undead_d,
          serial_undead_b, serial_undead_c, chequers_serial_rivers_marsh
D:6:      layout_cave_pools
D:7:      layout_rooms, zin_angel, minmay_temple_entry_fiery, uniq_duvessa,
          uniq_maggie, uniq_crazy_yiuf_cottage
D:8:      layout_rooms, demons_altar, erik_lair_island
D:9:      layout_basic, lemuel_doored_altar, minitemple, zombieorc2_lemuel,
          ebering_ghost_xom, grunt_pizzeria
D:10:     layout_gridville, serial_shops, shop, nicolae_shop_stone, minivault_19
Temple:   dpeg_three_leaves_temple
Lair:1:   layout_long_grid, beast_lair_carwin_1

Skill      XL: |  1  2  3  4  5  6  7  8  9 10 11 |
---------------+----------------------------------+-----
Fighting       | 1 2 3 4 5 7 9 10 11 | 11.0
Stealth        | 2 |  2.0
Ice Magic      | 5 6 |  6.0
Spellcasting   | 3 4 5 |  5.0
Long Blades    | 2 5 8 11 13 14 | 14.0
Armour         | 3 6 7 |  7.0
Poison Magic   | 1 3 |  3.9
Dodging        | |  2.1

Action                   |  1- 3 |  4- 6 |  7- 9 | 10-12 || total
-------------------------+-------+-------+-------+-------++-------
Melee: Unarmed           |     5 |       |       |       ||     5
       Dagger            |    20 |    32 |    70 |    10 ||   132
       Falchion          |       |    29 |   244 |   498 ||   771
       Headbutt          |       |     1 |    59 |   162 ||   222
Throw: Boomerang         |       |     6 |     9 |     1 ||    16
       Dart              |       |       |       |     4 ||     4
 Cast: Freeze            |    49 |    14 |     4 |       ||    67
       Frozen Ramparts   |     2 |    15 |    46 |    20 ||    83
 Abil: Hop               |       |     1 |       |     1 ||     2
Evoke: Wand              |       |     1 |       |     4 ||     5
  Use: Scroll            |     3 |     3 |     5 |     4 ||    15
       Potion            |       |     3 |       |     5 ||     8
 Stab: Sleeping          |     1 |     4 |     7 |     2 ||    14
       Distracted        |       |       |       |     1 ||     1
  Eat: Chunk             |     3 |     9 |    15 |    13 ||    40
       Ration            |       |       |     3 |     2 ||     5
Armor: Leather armour    |     7 |       |       |       ||     7
       Animal skin       |       |    19 |    43 |       ||    62
       Skin              |       |    23 |       |       ||    23
       Ring mail         |       |       |    51 |   274 ||   325
Dodge: Dodged            |    40 |    34 |   150 |   260 ||   484
       Rpst.: Falchion   |       |     1 |    41 |    79 ||   121
